 Dungeon Crawl Stone Soup version 0.30-a0-161-gdd60e06945 (webtiles) character file.

Game seed: 4397724422805878418

1238 qw the Chopper (level 8, -1/49 HPs)
             Began as a Gargoyle Fighter on Sept 27, 2022.
             Slain by an orc
             ... wielding a +0 short sword of electrocution
              (4 damage)
             ... on level 7 of the Dungeon.
             The game lasted 00:01:46 (5774 turns).

qw the Chopper (Gargoyle Fighter)                   Turns: 5774, Time: 00:01:47

Health: -1/49      AC: 17    Str: 22    XL:     8   Next: 49%
Magic:  8/8        EV:  8    Int:  9    God:
Gold:   25         SH:  4    Dex:  9    Spells: 7/7 levels left

rFire   . . .      SeeInvis +    h - +0 war axe (spect)
rCold   . . .      Faith    .    c - +0 buckler
rNeg    + . .      Spirit   .    s - +0 chain mail
rPois   inf        Reflect  .    l - +0 helmet
rElec   +          Harm     .    (no cloak)
rCorr   .          Rampage  .    n - +0 pair of gloves
Will    .....                    (no boots)
Stlth   ..........               (no amulet)
HPRegen 0.16/turn                u - ring of see invisible
MPRegen 0.11/turn                (no ring)

@: no status effects
A: sickness immunity, AC +5, negative energy resistance 1, electricity
resistance, torment resistance 1, petrification resistance
a: no special abilities


You were on level 7 of the Dungeon.
You visited 2 branches of the dungeon, and saw 8 of its levels.

You collected 289 gold pieces.
You spent 264 gold pieces at shops.


Innate Abilities, Weirdness & Mutations

You are immune to sickness and miasma.
Your stone body is resilient. (AC +5)
You are immune to poison.
You resist negative energy. (rN+)
You are resistant to electric shocks. (rElec)
You are resistant to unholy torment.
You are immune to petrification.


   Skills:
 - Level 5.3 Fighting
 + Level 7.6 Axes
 - Level 2.6 Throwing
 - Level 3.2 Armour
 - Level 2.1 Dodging
 - Level 3.2 Shields


You had 7 spell levels left.
You didn't know any spells.
Your spell library was empty.

Inventory:

Hand Weapons
 g - a +0 flail
 h - a +0 spectral war axe (weapon)
Missiles
 m - a silver javelin (quivered)
 t - 6 boomerangs
Armour
 b - a +1 scale mail of fire resistance
 c - a +0 buckler (worn)
 l - a +0 helmet (worn)
 n - a +0 pair of gloves (worn)
 s - a +0 chain mail (worn)
Jewellery
 p - a ring of ice
 u - a ring of see invisible (left hand)
Scrolls
 a - 2 scrolls of identify
 f - a scroll of brand weapon
Potions
 d - a potion of might
 i - a potion of resistance
 j - 2 potions of cancellation
 k - 2 potions of attraction
 o - 2 potions of mutation
 q - a potion of curing

Dungeon Overview and Level Annotations

Branches:
Dungeon (7/15)             Temple (1/1) D:4

Altars:
Ashenzari
Cheibriados
Dithmenos
Elyvilon
Fedhas
Gozag
Hepliaklqana
Kikubaaqudgha
Makhleb
Qazlal
Ru
Trog
Uskayaw
Vehumet
Xom
Yredelemnul
Zin

Shops:
D:2 *   D:5 (   D:6 !?(=


Message History

You hit the orc.
The orc is heavily wounded.
The orc hits you but does no damage. The orc priest barely misses you. x2
You barely miss the orc.
The orc priest hits you from afar with a +0 trident.
The orc hits you but does no damage.
You closely miss the orc.
The orc priest hits you from afar with a +0 trident.
The orc hits you but does no damage.
You hit the orc but do no damage.
The orc priest invokes the aid of Beogh against you.
Beogh smites you! You block the orc's attack.
You barely miss the orc.
The orc priest mumbles some strange prayers to Beogh against you.
Beogh smites you! The orc hits you with a +0 club.
You barely miss the orc.
The orc priest hits you but does no damage.
The orc hits you but does no damage.
You hit the orc but do no damage.
The orc priest hits you but does no damage.
You block the orc's attack.
You hit the orc but do no damage.
The orc priest hits you but does no damage.
You block the orc's attack. The orc hits you but does no damage.
The orc priest misses you.
You hit the orc.
The orc is severely wounded.
The orc priest begins to cast a cantrip, but forgets the words!
You block the orc's attack.
You slash the orc!
You kill the orc!
The orc priest invokes the aid of Beogh against you.
Beogh smites you!
You slash the orc!
You kill the orc!
The orc priest hits you but does no damage.
You barely miss the orc. The orc priest barely misses you.
The orc hits you with a +0 short sword of electrocution.
You die... ##...## #.....# #((... #.... #### #... #... #oo

#.#. #o# #.#. #@#
#.#. #.# #.#. #.#
#.#. #.# #####
#... #.####...#
#### #........# #
######...#########
##.##).......
#))).#######


You could see an orc priest and 2 orcs.

Vanquished Creatures
  A water moccasin (D:5)
  A black bear (D:4)
  An ice beast (D:6)
  A centaur (D:5)
  An ogre (D:6)
  A kobold brigand (D:7)
  A scorpion (D:4)
  A gnoll sergeant (D:5)
  4 jellies
  5 orc priests
  2 iguanas
  2 orc wizards
  5 gnolls (D:5)
  4 adders
  A white imp (D:4)
  2 ufetubi
  4 worms
  5 dart slugs
  20 orcs
  3 bats
  3 endoplasms
  11 giant cockroaches
  3 hobgoblins
  11 jackals
  10 kobolds
  3 quokkas
  4 ball pythons
  4 frilled lizards
  5 goblins
  3 rats (D:1)
122 creatures vanquished.

Notes
Turn   | Place    | Note
-------+----------+-------------------------------------------
     0 | D:1      | qw the Gargoyle Fighter began the quest for the Orb.
     0 | D:1      | Reached XP level 1. HP: 14/14 MP: 1/1
     0 | D:1      | 0 ||| qw: Version: 0.2-a-10-g37ed214
     0 | D:1      | 0 ||| qw: Game counter: 715
     0 | D:1      | 0 ||| qw: Always use a shield: true
     0 | D:1      | 0 ||| qw: God list: Okawaru
     0 | D:1      | 0 ||| qw: Allow faded altars: false
     0 | D:1      | 0 ||| qw: Do Orc after D:15 true
     0 | D:1      | 0 ||| qw: Do second Lair branch before Depths: true
     0 | D:1      | 0 ||| qw: Lair rune preference: random
     0 | D:1      | 0 ||| qw: Plans: Normal, Zot:1-4, God:TSO, Crypt, Tomb,
                  | Pan, Slime:5, Hells, Abyss, Orb
     0 | D:1      | 0 ||| PLANNING D:1-11
    13 | D:1      | Found a faded altar of an unknown god.
   153 | D:1      | Reached skill level 2 in Axes
   216 | D:1      | Reached XP level 2. HP: 19/19 MP: 2/2
  1159 | D:1      | 1159 ||| READING scroll labelled RIT ASEONGO.
  1160 | D:1      | 1160 ||| READING scroll labelled QILUBU NUASAO.
  1161 | D:1      | 1161 ||| READING scroll labelled CIENWO RAUS.
  1162 | D:1      | 1162 ||| READING scroll labelled OSTUOCSUNEU.
  1167 | D:1      | 1167 ||| DRINKING 2 silvery potions.
  1248 | D:2      | Reached skill level 3 in Axes
  1262 | D:2      | 1262 ||| Stepping ~*~*~tactically~*~*~ (stealth).
  1267 | D:2      | Reached XP level 3. HP: 23/23 MP: 3/3
  1355 | D:2      | 1355 ||| Stepping ~*~*~tactically~*~*~ (hiding).
  1390 | D:2      | 1390 ||| Stepping ~*~*~tactically~*~*~ (stealth).
  1392 | D:2      | 1392 ||| Stepping ~*~*~tactically~*~*~ (hiding).
  1692 | D:2      | Reached XP level 4. HP: 28/28 MP: 4/4
  1755 | D:2      | Found Mefeathru's General Store.
  1758 | D:2      | 1758 ||| SHOPLISTING +1 cloak of Starlight {*Dazzle EV+4
                  | Stlth--} (427 gold, have 97).
  1758 | D:2      | 1758 ||| BUYING potion of attraction (42 gold).
  1758 | D:2      | Bought a potion of attraction for 42 gold pieces
  1758 | D:2      | 1758 ||| SHOPLISTING potion of mutation (112 gold, have
                  | 55).
  1985 | D:2      | 1985 ||| READING scroll labelled QIOPHOADWA.
  1986 | D:2      | 1986 ||| READING 3 scrolls labelled MUOSOG NOAHEP.
  1987 | D:2      | 1987 ||| READING 2 scrolls of identify.
  1987 | D:2      | 1987 ||| IDENTIFYING lumpy white potion
  1988 | D:2      | 1988 ||| DROPPING potion of berserk rage.
  2051 | D:3      | Reached skill level 4 in Axes
  2150 | D:3      | Found a broken altar of Ashenzari.
  2467 | D:3      | Found a stormy altar of Qazlal.
  2539 | D:3      | Found a bloodstained altar of Trog.
  2676 | D:3      | 2676 ||| READING 2 scrolls labelled TADDAUGRUR.
  2677 | D:3      | 2677 ||| READING 4 scrolls of identify.
  2677 | D:3      | 2677 ||| IDENTIFYING green potion
  2678 | D:3      | 2678 ||| READING 3 scrolls of identify.
  2678 | D:3      | 2678 ||| IDENTIFYING emerald potion
  2679 | D:3      | 2679 ||| DROPPING scroll of poison.
  2710 | D:4      | 2710 ||| PLANNING SEWER
  2750 | D:4      | Noticed a black bear
  2755 | D:4      | 2755 ||| Stepping ~*~*~tactically~*~*~ (stealth).
  2762 | D:4      | Reached XP level 5. HP: 13/32 MP: 5/5
  2762 | D:4      | Killed a black bear
  2763 | D:4      | Reached skill level 5 in Axes
  2765 | D:4      | Reached XP level 6. HP: 15/37 MP: 6/6
  2765 | D:4      | 2765 ||| Stepping ~*~*~tactically~*~*~ (stealth).
  2867 | D:4      | 2867 ||| Stepping ~*~*~tactically~*~*~ (stealth).
  3042 | D:4      | 3042 ||| Stepping ~*~*~tactically~*~*~ (hiding).
  3319 | D:4      | 3319 ||| RIP SEWER
  3347 | D:4      | 3347 ||| PLANNING D:1-11
  3573 | D:4      | Reached skill level 1 in Throwing
  3632 | D:4      | Found a staircase to the Ecumenical Temple.
  3633 | D:4      | 3633 ||| PLANNING TEMPLE
  3633 | D:4      | 3633 ||| UPGRADING to +0 helmet.
  3638 | D:4      | 3638 ||| UPGRADING to +0 pair of gloves.
  3643 | D:4      | 3643 ||| DRINKING 2 fizzy green potions.
  3644 | D:4      | 3644 ||| READING 2 scrolls of identify.
  3644 | D:4      | 3644 ||| IDENTIFYING smoky clear potion
  3645 | D:4      | 3645 ||| DROPPING potion of invisibility.
  3652 | Temple   | Entered the Ecumenical Temple
  3686 | Temple   | 3686 ||| PLANNING D:1-11
  3762 | D:5      | Entered Level 5 of the Dungeon
  3801 | D:5      | 3801 ||| Stepping ~*~*~tactically~*~*~ (hiding).
  3811 | D:5      | 3811 ||| DRINKING potion of curing.
  3811 | D:5      | 3811 ||| (to cure confusion)
  3813 | D:5      | Reached XP level 7. HP: 42/43 MP: 7/7
  3822 | D:5      | 3822 ||| DROPPING +0 whip.
  3844 | D:5      | 3844 ||| Stepping ~*~*~tactically~*~*~ (hiding).
  3845 | D:5      | 3845 ||| Stepping ~*~*~tactically~*~*~ (hiding).
  3990 | D:5      | 3990 ||| Stepping ~*~*~tactically~*~*~ (stealth).
  3992 | D:5      | 3992 ||| Stepping ~*~*~tactically~*~*~ (hiding).
  3997 | D:5      | 3997 ||| Stepping ~*~*~tactically~*~*~ (hiding).
  3998 | D:5      | 3998 ||| Stepping ~*~*~tactically~*~*~ (hiding).
  3999 | D:5      | 3999 ||| Stepping ~*~*~tactically~*~*~ (hiding).
  4000 | D:5      | 4000 ||| Stepping ~*~*~tactically~*~*~ (hiding).
  4001 | D:5      | 4001 ||| Stepping ~*~*~tactically~*~*~ (hiding).
  4045 | D:5      | 4045 ||| Stepping ~*~*~tactically~*~*~ (hiding).
  4051 | D:5      | Reached skill level 6 in Axes
  4052 | D:5      | 4052 ||| Stepping ~*~*~tactically~*~*~ (stealth).
  4176 | D:5      | Found Ryullede's Weapon Shop.
  4239 | D:5      | 4239 ||| Stepping ~*~*~tactically~*~*~ (stealth).
  4296 | D:5      | Found a shadowy altar of Dithmenos.
  4477 | D:5      | 4477 ||| FLEEEEING.
  4491 | D:5      | 4491 ||| FLEEEEING.
  4495 | D:5      | 4495 ||| FLEEEEING.
  4496 | D:5      | 4496 ||| FLEEEEING.
  4497 | D:5      | 4497 ||| FLEEEEING.
  4498 | D:5      | 4498 ||| FLEEEEING.
  4499 | D:5      | 4499 ||| FLEEEEING.
  4500 | D:5      | 4500 ||| FLEEEEING.
  4501 | D:5      | 4501 ||| FLEEEEING.
  4502 | D:5      | 4502 ||| FLEEEEING.
  4503 | D:5      | 4503 ||| FLEEEEING.
  4504 | D:5      | 4504 ||| FLEEEEING.
  4505 | D:5      | 4505 ||| FLEEEEING.
  4506 | D:5      | 4506 ||| FLEEEEING.
  4507 | D:5      | 4507 ||| FLEEEEING.
  4508 | D:5      | 4508 ||| FLEEEEING.
  4510 | D:5      | 4510 ||| STAIRDANCE
  4570 | D:4      | 4570 ||| UPGRADING to +0 chain mail.
  4580 | D:4      | 4580 ||| DROPPING +0 scale mail.
  4581 | D:4      | 4581 ||| READING scroll labelled UXEWEMNEHU.
  4640 | D:4      | 4640 ||| READING 2 scrolls of identify.
  4640 | D:4      | 4640 ||| IDENTIFYING fuming golden potion
  4641 | D:4      | 4641 ||| DROPPING potion of flight.
  4677 | D:5      | 4677 ||| FLEEEEING.
  4678 | D:5      | 4678 ||| STAIRDANCE
  4832 | D:6      | 4832 ||| Stepping ~*~*~tactically~*~*~ (stealth).
  4841 | D:6      | 4841 ||| Stepping ~*~*~tactically~*~*~ (stealth).
  4848 | D:6      | Reached XP level 8. HP: 48/48 MP: 8/8
  4852 | D:6      | Reached skill level 7 in Axes
  4863 | D:6      | Found Upuyh's Jewellery Boutique.
  4868 | D:6      | 4868 ||| SHOPLISTING amulet "Nuho" {Faith Rampage rElec
                  | rCorr Dex+3} (790 gold, have 217).
  4868 | D:6      | 4868 ||| SHOPLISTING amulet of regeneration (360 gold, have
                  | 217).
  4868 | D:6      | 4868 ||| SHOPLISTING ring of fire (300 gold, have 217).
  4868 | D:6      | 4868 ||| SHOPLISTING ring of ice (300 gold, have 217).
  4868 | D:6      | 4868 ||| SHOPLISTING ring of resist corrosion (240 gold,
                  | have 217).
  4868 | D:6      | 4868 ||| BUYING ring of see invisible (180 gold).
  4868 | D:6      | Bought a ring of see invisible for 180 gold pieces
  4868 | D:6      | 4868 ||| SHOPLISTING ring of see invisible (180 gold, have
                  | 37).
  5014 | D:6      | Found Gousicih's Antique Weapon Emporium.
  5177 | D:6      | Found Habbi's Magic Scroll Shop.
  5186 | D:6      | Found Tamnocyo's Distillery.
  5190 | D:6      | 5190 ||| BUYING potion of attraction (42 gold).
  5190 | D:6      | Bought a potion of attraction for 42 gold pieces
  5190 | D:6      | 5190 ||| SHOPLISTING potion of attraction (42 gold, have
                  | 12).
  5190 | D:6      | 5190 ||| SHOPLISTING potion of lignification (42 gold, have
                  | 12).
  5190 | D:6      | 5190 ||| SHOPLISTING potion of mutation (112 gold, have
                  | 12).
  5252 | D:6      | 5252 ||| SHOPLISTING scroll of brand weapon (123 gold, have
                  | 12).
  5355 | D:6      | 5355 ||| Stepping ~*~*~tactically~*~*~ (hiding).
  5463 | D:6      | Found a sacrificial altar of Ru.
  5463 | D:6      | Found an opulent altar of Gozag.
  5671 | D:6      | 5671 ||| UPGRADING to ring of see invisible.
  5672 | D:6      | 5672 ||| READING scroll labelled REAHIXK HOGOU.
  5673 | D:6      | 5673 ||| READING scroll labelled USENAU GADGHUO.
  5674 | D:6      | 5674 ||| READING scroll labelled ISEYST MYCI.
  5675 | D:6      | 5675 ||| READING scroll labelled ZEROPN ZOIG.
  5676 | D:6      | 5676 ||| READING scroll labelled MEAPOV JAURCHAA.
  5677 | D:6      | 5677 ||| READING 3 scrolls of identify.
  5677 | D:6      | 5677 ||| IDENTIFYING murky purple potion
  5678 | D:6      | 5678 ||| DROPPING potion of ambrosia.
  5767 | D:7      | HP: 12/49 [orc priest/divine providence (9)]
  5772 | D:7      | HP: 3/49 [orc priest/divine providence (7)]
  5774 | D:7      | Slain by an orc

Levels and vault maps discovered:
D:1:      kennysheep_arrival_forest, layout_loops_ring,
          ebering_ecumenical_altar_mist, amcnicky_mini_pool_small
D:2:      layout_loops_ring, serial_shops, nicolae_shop_behind_doors,
          minmay_pentomino_s2
D:3:      layout_basic, mainiacjoe_overflow_six_doors_small,
          grunt_qazlal_clouds, cheibrodos_ashenzari_chains
D:4:      layout_basic, minmay_temple_entry_nine_rooms, gup_sewer_entry_pipe,
          corexii_shack, minmay_stone_trees_small, interstate_on_off
D:5:      layout_cave_pools, mainiacjoe_overflow_24_doors, serial_shops, shop
D:6:      layout_basic, gammafunk_temple_overflow_pools, serial_shops, shop,
          shop, nicolae_shop_waterfront, shop_statue
D:7:      layout_loops_cross, okawaru_gym_becter, enter_bailey_3,
          kennysheep_cross_room, corexii_mini_fake_secret_closet, st_stairs_3,
          glass_columns_b, water_boxes_lemuel, uniq_prince_ribbit1
Temple:   hellmonk_temple_of_storms

Skill      XL: |  1  2  3  4  5  6  7  8 |
---------------+-------------------------+-----
Axes           | 2 3 4 5 6 7 |  7.6
Fighting       | 4 5 |  5.3
Throwing       | 1 2 |  2.6
Dodging        | 2 |  2.1
Armour         | |  3.2
Shields        | |  3.2

Action                   |  1- 3 |  4- 6 |  7- 9 || total
-------------------------+-------+-------+-------++-------
Melee: War axe           |    79 |    62 |    92 ||   233
Throw: Javelin           |       |     1 |    26 ||    27
       Boomerang         |       |       |     4 ||     4
  Use: Scroll            |     4 |     7 |     8 ||    19
       Potion            |     1 |     2 |       ||     3
Armor: Scale mail        |    24 |    28 |     8 ||    60
       Chain mail        |       |       |    28 ||    28
Dodge: Dodged            |    38 |    26 |    23 ||    87
Block: Buckler           |    11 |    12 |    12 ||    35

Table legend:
 A = Non-vault XP
 B = Vault XP
 C = Vault XP percentage of total XP
 D = Non-vault monster count
 E = Vault monster count
 F = Vault count percentage of total count
                 A         B        C        D         E       F
            +---------+---------+-------+---------+---------+-------
      Total |    1754 |      15 |   0.8 |     114 |       8 |   6.6
            +---------+---------+-------+---------+---------+-------
        D:1 |      26 |       0 |   0.0 |      17 |       0 |   0.0
        D:2 |      69 |       2 |   2.8 |      20 |       1 |   4.8
        D:3 |      56 |       0 |   0.0 |       7 |       0 |   0.0
        D:4 |     341 |      13 |   3.7 |      20 |       7 |  25.9
        D:5 |     630 |       0 |   0.0 |      24 |       0 |   0.0
        D:6 |     520 |       0 |   0.0 |      17 |       0 |   0.0
        D:7 |     112 |       0 |   0.0 |       9 |       0 |   0.0
            +---------+---------+-------+---------+---------+-------
